 Dungeon Sprint DCSS version 0.29-a0-962-gc8bbfd0a37 (webtiles) character file.

Game seed: 8070699726952241508

4975 wilfster70 the Severer (level 10, 0/102 HPs)
             Began as a Minotaur Fighter on July 30, 2022.
             Was an Initiate of Gozag.
             Slain by an eight-headed hydra (2 damage)
             ... while petrified by a catoblepas
             ... in the Dungeon (Sprint IX: "|||||||||||||||||||||||||||||").
             The game lasted 00:03:41 (1297 turns).

wilfster70 the Severer (Minotaur Fighter)           Turns: 1297, Time: 00:03:42

Health: 0/102      AC: 15    Str: 23    XL:     10   Next: 29%
Magic:  9/9        EV:  2    Int: 10    God:    Gozag
Gold:   1692       SH:  0    Dex: 10    Spells: 9/9 levels left

rFire   . . .      SeeInvis .   b - +2 morningstar (vorpal)
rCold   . . .      Faith    .   c - +0 buckler
rNeg    + + +      Spirit   .   o - +1 chain mail
rPois   ∞          Reflect  .   (helmet restricted)
rElec   .          Harm     .   (no cloak)
rCorr   .          Rampage  .   m - +0 pair of gloves
Will    .....      NoTele   +   (no boots)
Stlth   ..........              (no amulet)
HPRegen 0.27/turn               p - +3 ring of intelligence
MPRegen 0.11/turn               n - +2 ring of evasion

@: petrified, gold aura
A: horns 2, retaliatory headbutt
a: Renounce Religion, Potion Petition, Call Merchant, Bribe Branch


You were in the Dungeon.
You worshipped Gozag.
Gozag was most pleased with you.
You visited 1 branch You collected 1692 gold pieces.

Inventory:

Hand Weapons
 a - a +1 broad axe of freezing
 b - a +2 vorpal morningstar (weapon)
Armour
 c - a +0 buckler (worn)
 m - a +0 pair of gloves (worn)
 o - a +1 chain mail (worn)
Jewellery
 n - a +2 ring of evasion (right hand)
 p - a +3 ring of intelligence (left hand)
Wands
 l - a wand of acid (7)
Scrolls
 j - 4 scrolls of blinking
 k - 2 scrolls of amnesia
 r - a scroll of identify
 s - 2 scrolls of fear
 t - a scroll of magic mapping
 u - a scroll of fog
Potions
 d - a potion of invisibility
 e - 6 potions of curing
 f - 5 potions of heal wounds
 g - a potion of haste
 h - 4 potions of magic
 i - a potion of berserk rage
 q - a potion of might


   Skills:
 + Level 13.7 Fighting
 - Level 18.0 Axes
 + Level 13.8 Armour
 + Level 5.7 Dodging
 - Level 12.4 Shields


You had 9 spell levels left.
You didn't know any spells.
Your spell library was empty.

Dungeon Overview and Level Annotations

Branches:
Dungeon (1/1)

Altars:
Cheibriados
Dithmenos
Elyvilon
Fedhas
Gozag
Hepliaklqana
Kikubaaqudgha
Makhleb
Nemelex Xobeh
Okawaru
Qazlal
Ru
Sif Muna
Trog
Uskayaw
Vehumet
Wu Jian
Xom
Yredelemnul
Zin
The Shining One
Jiyva
Lugonu


Innate Abilities, Weirdness & Mutations

You have a pair of horns on your head.
You reflexively headbutt those who attack you in melee.


Message History

* * * LOW HITPOINT WARNING * * *
The eight-headed hydra bites you but does no damage.
The eight-headed hydra bites you.
* * * LOW HITPOINT WARNING * * *
The eight-headed hydra bites you but does no damage.
The eight-headed hydra bites you. The eight-headed hydra bites you!
* * * LOW HITPOINT WARNING * * *
The eight-headed hydra barely misses you.
The eight-headed hydra bites you!
* * * LOW HITPOINT WARNING * * *
The eight-headed hydra bites you.
* * * LOW HITPOINT WARNING * * *
The yak is distracted by your dazzling golden aura.
The eight-headed hydra is distracted by your dazzling golden aura.
The black mamba is distracted by your dazzling golden aura.
The basilisk is distracted by your dazzling golden aura.
The yak is no longer covered in acid.
The basilisk is no longer distracted by gold.
The dream sheep is no longer covered in acid.
The eight-headed hydra is no longer distracted by gold.
The eight-headed hydra bites you but does no damage.
The eight-headed hydra bites you.
* * * LOW HITPOINT WARNING * * *
The eight-headed hydra bites you but does no damage.
The eight-headed hydra bites you.
* * * LOW HITPOINT WARNING * * *
The eight-headed hydra bites you.
* * * LOW HITPOINT WARNING * * *
The eight-headed hydra completely misses you.
The eight-headed hydra bites you but does no damage.
The eight-headed hydra bites you.
* * * LOW HITPOINT WARNING * * *
The yak is no longer distracted by gold.
The eight-headed hydra is no longer covered in acid.
The eight-headed hydra bites you but does no damage.
The eight-headed hydra completely misses you.
The eight-headed hydra bites you but does no damage.
The eight-headed hydra bites you.
You die...
Your body crumbles into a pile of gold. $$$$$ $$$$$$$$$$$$ $$$$$$$$$$$$$

▓▓▓▓▓▓▓▓▓▓▓▓▓▓▓▓▓▓▓▓▓▓▓▓
.lSYYYD@........'......|
▓▓▓▓▓▓▓▓▓▓▓▓▓▓▓▓▓▓▓▓▓▓▓▓▓▓▓▓▓▓▓▓▓
.................................
▓▓▓▓▓▓▓▓▓▓▓▓▓▓▓▓▓▓▓▓▓▓▓▓▓▓▓▓▓▓▓▓▓
[.)..'________________________'..
▓▓▓▓▓▓▓▓▓▓▓▓▓▓▓▓▓▓▓▓▓▓▓▓▓▓▓▓▓▓▓▓▓


You could see an eight-headed hydra, a black mamba (unaware), 2 yaks, a basilisk
and a dream sheep.

Vanquished Creatures
  A hydra (D)
  A catoblepas (D)
  A black mamba (D)
  3 gargoyles (D)
  A cane toad (D)
  A rime drake (D)
  A yaktaur (shapeshifter) (D)
  A blink frog (D)
  A shadow (D)
  A basilisk (D)
  A yak (D)
  2 vampire mosquitoes (D)
  An acid dragon (D)
  A water moccasin (D)
  An ice beast (D)
  A centaur (D)
  3 kobold brigands (D)
  3 bullfrogs (D)
  A scorpion (D)
  A hound (D)
  An iguana (D)
  A dart slug (D)
  An endoplasm (D)
  2 goblins (D)
  2 kobolds (D)
34 creatures vanquished.

Notes
Turn   | Place    | Note
-------+----------+-------------------------------------------
     0 | D        | wilfster70 the Minotaur Fighter began the quest for the
                  | Orb.
     0 | D        | Reached XP level 1. HP: 19/19 MP: 0/0
    13 | D        | Reached skill level 3 in Axes
    46 | D        | Noticed an iguana
    46 | D        | Noticed an ice beast
    46 | D        | Noticed a hound
    46 | D        | Noticed a scorpion
    50 | D        | Killed a scorpion
    51 | D        | Reached skill level 5 in Fighting
    51 | D        | Reached skill level 6 in Axes
    51 | D        | Reached skill level 5 in Armour
    51 | D        | Reached skill level 5 in Shields
    51 | D        | Reached XP level 2. HP: 15/29 MP: 1/1
    51 | D        | Reached XP level 3. HP: 19/36 MP: 2/2
    53 | D        | Reached skill level 7 in Axes
    53 | D        | Reached XP level 4. HP: 29/44 MP: 3/3
    57 | D        | Killed an ice beast
    58 | D        | Reached skill level 8 in Axes
    58 | D        | Reached XP level 5. HP: 36/52 MP: 4/4
    60 | D        | Reached skill level 9 in Axes
   206 | D        | Found a snail-covered altar of Cheibriados.
   206 | D        | Found a shadowy altar of Dithmenos.
   206 | D        | Found a white marble altar of Elyvilon.
   206 | D        | Found a blossoming altar of Fedhas.
   206 | D        | Found an opulent altar of Gozag.
   207 | D        | Found a hazy altar of Hepliaklqana.
   208 | D        | Found a viscous altar of Jiyva.
   209 | D        | Found an ancient bone altar of Kikubaaqudgha.
   210 | D        | Found a corrupted altar of Lugonu.
   211 | D        | Found a burning altar of Makhleb.
   212 | D        | Found a sparkling altar of Nemelex Xobeh.
   213 | D        | Found an iron altar of Okawaru.
   214 | D        | Became a worshipper of Gozag Ym Sagoz the Greedy
   215 | D        | Found a stormy altar of Qazlal.
   216 | D        | Found a sacrificial altar of Ru.
   217 | D        | Found a shimmering blue altar of Sif Muna.
   218 | D        | Found a bloodstained altar of Trog.
   219 | D        | Found a hide-covered altar of Uskayaw.
   220 | D        | Found a radiant altar of Vehumet.
   221 | D        | Found an ornate altar of the Wu Jian Council.
   222 | D        | Found a shimmering altar of Xom.
   223 | D        | Found a basalt altar of Yredelemnul.
   224 | D        | Found a glowing silver altar of Zin.
   225 | D        | Found a glowing golden altar of the Shining One.
   283 | D        | Noticed a shadow
   283 | D        | Noticed an acid dragon
   283 | D        | Noticed a vampire mosquito
   287 | D        | Reached XP level 6. HP: 59/61 MP: 5/5
   290 | D        | Killed a vampire mosquito
   291 | D        | Reached skill level 11 in Axes
   294 | D        | Killed an acid dragon
   295 | D        | Reached XP level 7. HP: 41/69 MP: 6/6
   297 | D        | Killed a shadow
   298 | D        | Reached skill level 12 in Axes
   483 | D        | Noticed a gargoyle
   483 | D        | Noticed a vampire mosquito
   483 | D        | Noticed a gargoyle
   483 | D        | Noticed a yaktaur
   483 | D        | Noticed a gargoyle
   489 | D        | Killed a gargoyle
   490 | D        | Reached skill level 10 in Fighting
   490 | D        | Reached skill level 13 in Axes
   490 | D        | Reached skill level 10 in Armour
   490 | D        | Reached skill level 10 in Shields
   490 | D        | Reached XP level 8. HP: 56/79 MP: 7/7
   492 | D        | Killed a yaktaur
   493 | D        | Reached skill level 14 in Axes
   495 | D        | Killed a gargoyle
   504 | D        | Reached skill level 15 in Axes
   507 | D        | Killed a gargoyle
   508 | D        | Reached XP level 9. HP: 23/90 MP: 8/8
   888 | D        | Noticed a rime drake
   894 | D        | Noticed a seven-headed hydra
   898 | D        | Noticed a black mamba
   907 | D        | Killed a seven-headed hydra
   908 | D        | Reached skill level 16 in Axes
   916 | D        | Killed a rime drake
   917 | D        | Reached skill level 17 in Axes
   928 | D        | Killed a black mamba
   931 | D        | HP: 4/93 [blink frog (10)]
   938 | D        | Reached XP level 10. HP: 21/101 MP: 9/9
  1253 | D        | Noticed an eight-headed hydra
  1253 | D        | Noticed a catoblepas
  1253 | D        | Noticed a cane toad
  1255 | D        | Killed a cane toad
  1262 | D        | Noticed a black mamba
  1289 | D        | Killed a catoblepas
  1290 | D        | Reached skill level 18 in Axes
  1290 | D        | Reached skill level 5 in Dodging
  1296 | D        | HP: 5/102 [eight-headed hydra (1)]
  1296 | D        | HP: 2/102 [eight-headed hydra (1)]
  1297 | D        | Slain by an eight-headed hydra

Illustrated notes

Levels and vault maps discovered:
D:        linesprint [early_d, line_temple, items_1, d_10, items_2, lair_1,
          lair_end, items_3, orc_1, orc_end, items_4, d_15, swamp_1, shoals_1,
          snake_1, spider_1, d_20, vaults_1, items_5, swamp_end, shoals_end,
          snake_end, spider_end, vaults_end, d_27, items_6, zot_1, zot_end,
          crypt_end, forest_end, elf_end, slime_end, tomb_end, abyss_end,
          pan_hell_end]

Skill      XL: |  1  2  3  4  5  6  7  8  9 10 |
---------------+-------------------------------+-----
Axes           | 6 7 8 9 11 13 15 17 18 | 18.0
Fighting       | 5 7 8 10 11 13 | 13.7
Armour         | 5 7 8 10 11 13 | 13.8
Shields        | 5 7 8 10 11 12 | 12.4
Dodging        | 3 5 |  5.7

Action                   |  1- 3 |  4- 6 |  7- 9 | 10-12 || total
-------------------------+-------+-------+-------+-------++-------
Melee: War axe           |    21 |     6 |       |       ||    27
       Headbutt          |     4 |     4 |     5 |     3 ||    16
       Broad axe         |       |    10 |    60 |     8 ||    78
       Morningstar       |       |       |     3 |     2 ||     5
Evoke: Wand              |       |       |     1 |     2 ||     3
  Use: Potion            |     1 |     1 |     2 |       ||     4
 Stab: Distracted        |       |       |     1 |       ||     1
Armor: Scale mail        |    13 |     2 |       |       ||    15
       Chain mail        |       |     2 |    22 |    26 ||    50
Dodge: Dodged            |     6 |     5 |    22 |     5 ||    38
Block: Buckler           |     4 |     6 |    11 |     1 ||    22

Table legend: (Time is in decaauts)
 A = Elapsed time spent in this place.
 B = Non-inter-level travel time spent in this place.
 C = Inter-level travel time spent in this place.
 D = Time resting spent in this place.
 E = Time spent auto-exploring this place.
 F = Levels seen in this place.
 G = Mean time per level.
                   A        B        C        D        E       F      G
               +--------+--------+--------+--------+--------+-----+--------+
         Total |   1299 |   1299 |      0 |    869 |     80 |   1 | 1299.0 |
       Dungeon |   1299 |   1299 |      0 |    869 |     80 |   1 | 1299.0 |
               +--------+--------+--------+--------+--------+-----+--------+

Top non-repeatable levels by time:
       D: 1299 daAuts
